 Dungeon Crawl Stone Soup version 0.20.1-1-g8b1a95d66d (webtiles) character file.

113362 Jynx the Bludgeoner (level 16, -2/105 HPs)
             Began as a Gargoyle Fighter on Jan 2, 2018.
             Was a High Priest of Okawaru.
             Slain by a demonic crawler (4 damage)
             ... on level 2 of the Spider Nest.
             The game lasted 01:08:12 (25675 turns).

Jynx the Bludgeoner (Gargoyle Fighter)             Turns: 25675, Time: 01:08:13

Health: -2/105     AC: 42    Str: 22    XL:     16   Next: 63%
Magic:  0/21       EV:  8    Int: 16    God:    Okawaru [*****.]
Gold:   2193       SH: 18    Dex: 15    Spells: 13/15 levels left

rFire    . . .     SeeInvis +   Q - +7 flail of Wariness {flame, rElec}
rCold    + . .     Gourm    .   e - +5 shield {reflect}
rNeg     + . .     Faith    .   s - +6 chain mail of Lugonu's Esteem {MR+ Int+3}
rPois    ∞         Spirit   +   R - +3 crown of Dyrovepreva {rElec Int+2 SInv}
rElec    +         Reflect  +   C - +2 cloak {+Inv}
rCorr    .         Harm     .   T - +2 pair of gloves {Dex+3}
MR       +++..                  j - +0 pair of boots
Stlth    ..........             b - amulet of guardian spirit
Regen    0.3/turn               w - ring of protection from magic
MPRegen  0.2/turn               g - ring of protection from cold

@: very slightly contaminated, studying Charms, invisible
A: big wings, negative energy resistance 1, electricity resistance, unbreathing,
petrification resistance, rot immunity, AC +11
a: Fly, Heroism, Finesse, Renounce Religion


You were on level 2 of the Spider Nest.
You worshipped Okawaru.
Okawaru was extremely pleased with you.
You were not hungry.

You visited 5 branches of the dungeon, and saw 25 of its levels.
You also visited: Ice Cave.

You collected 2193 gold pieces.

Inventory:

Hand Weapons
 v - a +1 antimagic mace
 Q - the +7 flail of Wariness (weapon) {flame, rElec}
   (You found it on level 6 of the Lair of Beasts)

   It has been specially enchanted to burn those struck by it, causing extra
   injury to most foes and up to half again as much damage against particularly
   susceptible opponents.
   It insulates you from electricity.
Missiles
 Z - 8 needles of sleeping
Armour
 e - a +5 shield of reflection (worn)
 j - a +0 pair of boots (worn)
 s - the +6 chain mail of Lugonu's Esteem (worn) {MR+ Int+3}
   (You found it on level 5 of the Dungeon)

   It affects your intelligence (+3).
   It affects your resistance to hostile enchantments.
 C - a +2 cloak of invisibility (worn)
 R - the +3 crown of Dyrovepreva (worn) {rElec Int+2 SInv}
   (You found it in an ice cave)

   It affects your intelligence (+2).
   It insulates you from electricity.
   It lets you see invisible.
 T - a +2 pair of gloves of dexterity (worn)
Jewellery
 b - an amulet of guardian spirit (around neck)
 g - a ring of protection from cold (right hand)
 k - an uncursed ring of see invisible
 r - an uncursed ring of ice
 w - a ring of protection from magic (left hand)
 M - an uncursed ring of fire
 P - an uncursed ring of stealth
Wands
 c - a wand of acid (7/15)
 d - a wand of polymorph (5/24)
 l - a wand of confusion (24/48)
 u - a wand of digging (15/24)
 B - a wand of scattershot (4/9)
 I - a wand of iceblast (9/15)
 X - a wand of acid (7/15)
Scrolls
 m - 5 scrolls of fear
 n - 9 scrolls of enchant weapon
 o - 5 scrolls of teleportation
 x - 3 scrolls of brand weapon
 y - 2 scrolls of fog
 D - 2 scrolls of holy word
 H - 3 scrolls of remove curse
 Y - 4 scrolls of recharging
Potions
 p - 6 potions of curing
 t - 4 potions of lignification
 z - 4 potions of brilliance
 A - 3 potions of might
 E - a potion of cancellation
 F - 3 potions of heal wounds
 G - 3 potions of mutation
 O - a potion of agility
 U - 3 potions of flight
 V - a potion of ambrosia
 W - 4 potions of magic
Books
 a - a book of Battle

   Spells                             Type                      Level
   a - Infusion                       Charms                       1
   b - Shroud of Golubria             Charms/Translocation         2
   c - Song of Slaying                Charms                       2
   d - Spectral Weapon                Hexes/Charms                 3
   e - Regeneration                   Charms/Necromancy            3
 N - a manual of Charms
Miscellaneous
 S - a lightning rod (4/4)
Comestibles
 f - 14 bread rations
 h - 11 meat rations
 i - 22 royal jellies
 q - 35 fruits


   Skills:
 + Level 13.7 Fighting
 * Level 17.1 Maces & Flails
 + Level 13.9 Armour
 + Level 13.4 Shields
 - Level 9.3 Charms
 + Level 7.1 Invocations


You had 13 spell levels left.
You knew the following spells:

 Your Spells              Type           Power        Failure   Level  Hunger
a - Song of Slaying       Chrm           ####....     4%          2    ###....


Dungeon Overview and Level Annotations

Branches:
Dungeon (14/15)            Temple (1/1) D:4            Lair (6/6) D:11
  Swamp (0/4) Lair:2       Spider (2/4) Lair:2        Slime (0/5) Lair:5
    Orc (2/2) D:10            Elf (0/3) Orc:2        Vaults (0/5) D:13

Altars:
Ashenzari
Cheibriados
Elyvilon
Fedhas
Gozag
Kikubaaqudgha
Makhleb
Nemelex Xobeh
Okawaru
Qazlal
Sif Muna
Trog
Uskayaw
Vehumet
Xom
Yredelemnul
Zin
Beogh
Jiyva

Shops:
D:7 *   Orc:2 %=[(

Annotations:
Spider:2 Jorgrun


Innate Abilities, Weirdness & Mutations

You are resistant to torment.
Your stone body is resilient. (AC +11)
You are immune to poison.
Your large and strong wings let you fly indefinitely.
You resist negative energy. (rN+)
You are resistant to electric shocks. (rElec)
You can survive without breathing.
You are immune to petrification.
You are immune to rotting.


Message History

Some rock shatters into small pieces.
Jorgrun mumbles some strange words.
The dungeon rumbles around Jorgrun!
The demonic crawler falls off the wall.
You shudder from the earth-shattering force.
* * * LOW HITPOINT WARNING * * *
Ka-crash!
You hear an angry hiss. x2
Okay, then.
Press: ? - help, v - describe, . - travel
Here: Jorgrun, wielding a quarterstaff of crushing and wearing a runed robe The floor.
You fade into invisibility!
The demonic crawler hits you but does no damage.
You block the demonic crawler's attack. x2
The demonic crawler hits you but does no damage.
The demonic crawler closely misses you. The demonic crawler hits you!
* * * LOW HITPOINT WARNING * * *
You are very lightly contaminated with residual magic.
You block the demonic crawler's attack. x2; The demonic crawler hits you.
You die...

......######.# ##......##..###..
.......# ##.# #........#.## ###
###.#....##... #.......#..# #
#./.......##.# ##......#.#### ##
..........g#.## ##.....#^...###.
..............####.......####...#
#..##.....†...##.^##....## #...#
..###......#.....#......# ##..#
## ##.#.......s@..^###.# #..#
#.##.###...#...# .# ##.. # #
#..###..# # ... ....# ##.# ...
####.. ..# ... ^.. .... .#. #..##
#. ..#


You could see Jorgrun and a demonic crawler.

Vanquished Creatures
  Rupert (Lair:4)
  Frances (Spider:2)
  Roxanne (D:14)
  An orc warlord (Orc:2)
  A ghost moth (Spider:1)
  The ghost of dracomuter the Fighter, a journeyman DrTm of Okawaru (D:14)
  An emperor scorpion (Spider:1)
  A reaper (IceCv)
  Fannar (Orc:1)
  6 hydras
  Harold (Lair:4)
  A vault guard (D:13)
  4 centaur warriors
  2 catoblepae
  4 two-headed ogres
  A tengu warrior (D:14)
  A deep troll shaman (Lair:6)
  3 death yaks (Lair:6)
  The ghost of Gargoyl the Chopper, a novice CeAK of Lugonu (D:8)
  7 orc high priests
  Urug (Lair:4)
  Sonja (Lair:1)
  2 unseen horrors
  A phantasmal warrior (D:14)
  2 lindwurms
  3 orc knights (Orc:2)
  A necromancer (Lair:4)
  3 orb spiders
  2 deep elf magi
  A harpy (D:13)
  12 wolf spiders
  4 cyclopes
  5 orc sorcerers (Orc:2)
  10 ugly things
  10 elephants
  Maurice (D:8)
  3 centaur zombies
  5 black mambas
  Psyche (D:8)
  3 gargoyles
  2 ice statues (IceCv)
  11 spiny frogs
  A torpor snail (Lair:4)
  2 centaur skeletons
  An efreet (D:14)
  2 rime drakes
  A kobold demonologist (D:12)
  10 ice devils (IceCv)
  4 demonic crawlers
  A freezing wraith (D:13)
  9 komodo dragons
  5 trolls
  A meliai (shapeshifter) (D:13)
  4 polar bears
  3 jumping spiders
  A queen bee (Lair:3)
  2 hornets
  5 dream sheep (Lair:4)
  A raiju (shapeshifter) (D:13)
  A slime creature (D:13)
  19 blink frogs
  A meliai zombie (D:14)
  11 hippogriffs
  14 redbacks
  4 tarantellas
  5 wyverns
  A basilisk (Lair:5)
  29 yaks
  3 hungry ghosts
  A steam dragon (Lair:4)
  6 wargs
  A swamp worm (Lair:2)
  2 acid dragons
  13 water moccasins
  Duvessa (D:5)
  17 porcupines
  A sky beast (D:10)
  4 black bears
  44 orc warriors
  4 ice beasts
  20 ogres
  6 phantoms
  An eye of draining (D:10)
  6 centaurs
  22 wolves
  17 crocodiles
  6 big kobolds
  17 bullfrogs
  Dowan (D:5)
  4 scorpions
  17 wights
  33 killer bees
  4 electric eels
  9 crimson imps
  A bullfrog zombie (D:8)
  7 jellies
  9 hounds
  A quasit (D:7)
  33 orc wizards
  33 orc priests
  4 bullfrog skeletons
  2 iguanas
  13 worker ants
  4 polar bear simulacra (Lair:4)
  3 yak simulacra (Lair:4)
  A killer bee zombie (D:7)
  A wolf simulacrum (Lair:4)
  A centaur simulacrum (D:10)
  A hound zombie (D:5)
  A howler monkey zombie (D:11)
  A worker ant zombie (D:6)
  4 gnolls (D:6)
  17 adders
  A hound simulacrum (D:10)
  A shadow imp (D:6)
  11 white imps
  2 worker ant simulacra (D:10)
  8 ufetubi (IceCv)
  4 oozes
  2 adder skeletons
  7 worms
  A dart slug (D:1)
  7 leopard geckos
  133 orcs
  7 giant cockroaches
  7 hobgoblins
  10 jackals
  20 kobolds
  6 quokkas
  A ball python (D:3)
  6 bats
  4 frilled lizards
  A giant cockroach zombie (D:5)
  5 goblins
  A jackal skeleton (D:4)
  A leopard gecko skeleton (D:4)
  A leopard gecko zombie (D:7)
  2 quokka skeletons (D:5)
  8 rats
  3 river rat simulacra (Lair:4)
  2 plants
921 creatures vanquished.

Vanquished Creatures (others)
  Nessos (D:13)
  2 centaur warriors
  2 centaurs
  A jelly (D:14)
  An orc wizard (D:10)
  A white imp (IceCv)
  4 ufetubi (IceCv)
  A kobold (D:11)
  2 fungi (Lair:2)
  A plant (Orc:2)
16 creatures vanquished.

Grand Total: 937 creatures vanquished

Notes
Turn   | Place    | Note
-------+----------+-------------------------------------------
     0 | D:1      | Jynx the Gargoyle Fighter began the quest for the Orb.
     0 | D:1      | Reached XP level 1. HP: 14/14 MP: 1/1
   116 | D:1      | Reached XP level 2. HP: 19/19 MP: 2/2
   763 | D:2      | Reached XP level 3. HP: 23/23 MP: 3/3
  1131 | D:2      | Reached skill level 3 in Maces & Flails
  1131 | D:2      | Reached XP level 4. HP: 28/29 MP: 4/4
  1478 | D:3      | Reached XP level 5. HP: 25/33 MP: 5/5
  1922 | D:4      | Reached skill level 4 in Maces & Flails
  1936 | D:4      | Got a brightly glowing ring mail
  1953 | D:4      | Identified the cursed +0 ring mail "Teduc" {Dex+2} (You found it on level 4 of the Dungeon)
  1971 | D:4      | Reached XP level 6. HP: 32/38 MP: 4/6
  2252 | D:4      | Found a staircase to the Ecumenical Temple.
  2257 | Temple   | Entered the Ecumenical Temple
  2263 | Temple   | Became a worshipper of Warmaster Okawaru
  2307 | D:4      | Noticed an orc warrior
  2342 | D:4      | Killed an orc warrior
  2668 | D:4      | Reached XP level 7. HP: 44/44 MP: 7/7
  2740 | D:5      | Entered Level 5 of the Dungeon
  2891 | D:5      | Reached skill level 5 in Maces & Flails
  2891 | D:5      | Reached skill level 5 in Shields
  2896 | D:5      | Noticed Duvessa
  2933 | D:5      | Killed Duvessa
  2933 | D:5      | Reached * piety under Okawaru
  2939 | D:5      | Reached skill level 5 in Fighting
  2939 | D:5      | Reached skill level 5 in Armour
  2940 | D:5      | Noticed Dowan
  2949 | D:5      | Killed Dowan
  2954 | D:5      | Noticed a wyvern
  2960 | D:5      | HP: 1/44 [wyvern (9)]
  2962 | D:5      | Killed a wyvern
  2962 | D:5      | Reached XP level 8. HP: 2/49 MP: 1/8
  3029 | D:5      | Got an ichor-stained chain mail
  3139 | D:5      | Reached ** piety under Okawaru
  3139 | D:5      | Reached skill level 6 in Maces & Flails
  3355 | D:5      | Identified the +6 chain mail of Lugonu's Esteem {MR+ Int+3} (You found it on level 5 of the Dungeon)
  4313 | D:6      | Reached skill level 7 in Maces & Flails
  4771 | D:6      | Reached XP level 9. HP: 48/56 MP: 7/9
  4834 | D:6      | Reached *** piety under Okawaru
  5367 | D:7      | Reached skill level 8 in Maces & Flails
  5832 | D:7      | Found Kiboib's General Store.
  5982 | D:7      | Reached **** piety under Okawaru
  6234 | D:8      | Noticed Gargoyl's ghost (novice CeAK)
  6259 | D:8      | Killed Gargoyl's ghost
  6259 | D:8      | Reached skill level 9 in Maces & Flails
  6259 | D:8      | Reached XP level 10. HP: 60/63 MP: 8/10
  6355 | D:8      | Noticed Maurice
  6375 | D:8      | Killed Maurice
  6541 | D:8      | Reached ***** piety under Okawaru
  6792 | D:8      | Noticed Psyche
  6798 | D:8      | Killed Psyche
  7666 | D:10     | Entered Level 10 of the Dungeon
  7720 | D:10     | Reached skill level 10 in Maces & Flails
  8211 | D:10     | Received a gift from Okawaru
  8236 | D:10     | Got a pitted chain mail {god gift}
  8254 | D:10     | Found a staircase to the Orcish Mines.
  8371 | D:10     | Reached XP level 11. HP: 65/69 MP: 8/11
  8687 | D:11     | Noticed a deep elf mage
  8687 | D:11     | Noticed a cyan ugly thing
  8687 | D:11     | Noticed a cyclops
  8687 | D:11     | Noticed a purple ugly thing
  8700 | D:10     | Killed a purple ugly thing
  8731 | D:10     | Killed a cyan ugly thing
  8731 | D:10     | Reached skill level 11 in Maces & Flails
  9061 | D:11     | Killed a deep elf mage
  9069 | D:11     | Killed a cyclops
  9090 | D:11     | Got a brightly glowing sapphire amulet
  9148 | D:11     | Identified the +5 chain mail of Jaz Kegu {rCorr} (Okawaru gifted it to you on level 10 of the Dungeon)
  9204 | D:11     | Found a labyrinth entrance.
  9452 | D:11     | Found a staircase to the Lair.
  9563 | D:11     | Noticed a centaur warrior
  9574 | D:11     | Killed a centaur warrior
  9574 | D:11     | Received a gift from Okawaru
  9677 | D:12     | Identified the amulet of the Sky {Faith rF- Str+5 Int+3} (You found it on level 11 of the Dungeon)
  9716 | D:12     | Found a bloodstained altar of Trog.
  9737 | D:12     | Reached skill level 12 in Maces & Flails
  9779 | D:12     | Reached XP level 12. HP: 77/77 MP: 7/12
  9886 | D:12     | Reached skill level 10 in Armour
 10064 | D:12     | Reached skill level 10 in Fighting
 10301 | D:12     | Noticed a two-headed ogre
 10310 | D:12     | Killed a two-headed ogre
 10420 | D:12     | Noticed a two-headed ogre
 10426 | D:12     | Killed a two-headed ogre
 10426 | D:12     | Reached skill level 10 in Shields
 10620 | D:13     | Noticed a centaur warrior
 10641 | D:13     | Killed a centaur warrior
 10711 | Lair:1   | Entered Level 1 of the Lair of Beasts
 10911 | Lair:1   | Got a scorched flail
 10916 | Lair:1   | Identified the +6 flail of Proximity {crush, -Tele rN+++ Int+4} (You found it on level 1 of the Lair of Beasts)
 10987 | Lair:1   | Noticed a seven-headed hydra
 10990 | Lair:1   | Noticed Sonja
 10999 | Lair:1   | Killed a seven-headed hydra
 10999 | Lair:1   | Reached skill level 13 in Maces & Flails
 11000 | Lair:1   | Killed Sonja
 11999 | Lair:1   | Reached XP level 13. HP: 83/84 MP: 11/13
 12192 | Lair:2   | Received a gift from Okawaru
 12542 | Lair:2   | Found a hole to the Spider Nest.
 12826 | Lair:2   | Found a staircase to the Swamp.
 13180 | Lair:3   | Reached skill level 14 in Maces & Flails
 13181 | Lair:3   | Reached skill level 1 in Charms
 13645 | Lair:3   | You fall through a shaft for 2 floors!
 13672 | Lair:4   | Noticed Urug
 13694 | Lair:4   | Killed Urug
 14206 | Lair:3   | Received a gift from Okawaru
 14344 | Lair:3   | Identified a scroll of acquirement
 14588 | Lair:4   | Noticed Harold
 14592 | Lair:4   | Noticed Rupert
 14606 | Lair:4   | Killed Harold
 14606 | Lair:4   | Gained mutation: Your large and strong wings let you fly indefinitely. [Gargoyle growth]
 14606 | Lair:4   | Reached XP level 14. HP: 62/91 MP: 6/14
 14640 | Lair:4   | Killed Rupert
 14944 | Lair:4   | Reached skill level 5 in Charms
 15246 | Lair:4   | Reached skill level 15 in Maces & Flails
 15727 | Lair:5   | Received a gift from Okawaru
 15879 | Lair:5   | Found a viscous altar of Jiyva.
 15879 | Lair:5   | Found a staircase to the Slime Pits.
 16011 | Lair:5   | Received a gift from Okawaru
 16158 | Lair:5   | Reached skill level 1 in Invocations
 16339 | Lair:6   | Entered Level 6 of the Lair of Beasts
 16445 | Lair:6   | Got a bloodstained flail
 16446 | Lair:6   | Identified the +7 flail of Wariness {flame, rElec} (You found it on level 6 of the Lair of Beasts)
 16680 | Lair:6   | Reached ****** piety under Okawaru
 16939 | Lair:6   | Found a deep blue altar of Sif Muna.
 16960 | Lair:6   | Received a gift from Okawaru
 17674 | Orc:1    | Entered Level 1 of the Orcish Mines
 17810 | Orc:1    | Found a roughly hewn altar of Beogh.
 17874 | Orc:2    | Entered Level 2 of the Orcish Mines
 18357 | Orc:2    | Reached XP level 15. HP: 97/97 MP: 14/17
 18378 | Orc:2    | Found a roughly hewn altar of Beogh.
 18495 | Orc:2    | Found Weufuoje's Weapon Boutique.
 18532 | Orc:2    | Found Kyedyopi's Armour Shop.
 19408 | Orc:2    | Found a staircase to the Elven Halls.
 19479 | Orc:2    | Noticed an orc warlord
 19518 | Orc:2    | Killed an orc warlord
 19855 | Orc:2    | Reached skill level 16 in Maces & Flails
 19885 | Orc:2    | Found Zoiziw's Food Shop.
 19912 | Orc:2    | Found a roughly hewn altar of Beogh.
 20208 | Orc:2    | Found Vugaesuq's Jewellery Shoppe.
 20749 | Orc:1    | Noticed Fannar
 20757 | Orc:1    | Killed Fannar
 20757 | Orc:1    | Received a gift from Okawaru
 21478 | D:13     | Reached skill level 5 in Invocations
 21871 | D:13     | Noticed Nessos
 21878 | D:13     | Killed Nessos
 21993 | D:13     | Found a gate to the Vaults.
 22230 | D:14     | Found a frozen archway.
 22232 | D:14     | Noticed dracomuter's ghost (journeyman DrTm)
 22289 | D:14     | Killed dracomuter's ghost
 22289 | D:14     | Received a gift from Okawaru
 22655 | IceCv    | Entered an ice cave
 22722 | IceCv    | Reached XP level 16. HP: 79/104 MP: 16/20
 23074 | D:14     | Learned a level 2 spell: Song of Slaying
 23176 | D:14     | Noticed Roxanne
 23199 | D:14     | Killed Roxanne
 23200 | D:14     | Identified Roxanne's Handbook of Transmigration (You took it off Roxanne on level 14 of the Dungeon)
 23672 | D:14     | Received a gift from Okawaru
 24315 | Spider:1 | Entered Level 1 of the Spider Nest
 25097 | Spider:1 | Reached skill level 17 in Maces & Flails
 25331 | Spider:2 | Noticed Frances
 25359 | Spider:2 | Killed Frances
 25650 | Spider:2 | Noticed Jorgrun
 25672 | Spider:2 | HP: 1/105 [demonic crawler (6)]
 25675 | Spider:2 | Slain by a demonic crawler

Skill      XL: |  1  2  3  4  5  6  7  8  9 10 11 12 13 14 15 16 |
---------------+-------------------------------------------------+-----
Fighting       | 4 5 6 7 8 9 11 12 13 | 13.7
Maces & Flails | 3 4 5 7 9 10 12 13 14 15 16 17 | 17.1
Shields        | 4 5 6 7 8 9 10 11 12 13 | 13.4
Armour         | 4 5 6 7 8 9 11 12 13 | 13.9
Charms         | 4 7 9 |  9.3
Invocations    | 3 5 7 |  7.1

Action                   |  1- 3 |  4- 6 |  7- 9 | 10-12 | 13-15 | 16-18 || total
-------------------------+-------+-------+-------+-------+-------+-------++-------
Melee: Flail             |   110 |   253 |   164 |    92 |  1655 |   412 ||  2686
       Morningstar       |       |       |   446 |   832 |    42 |       ||  1320
 Cast: Song of Slaying   |       |       |       |       |       |     2 ||     2
Invok: Heroism           |       |       |     2 |    22 |    42 |    13 ||    79
       Finesse           |       |       |       |       |     7 |     3 ||    10
Evoke: Wand              |       |       |       |       |     1 |       ||     1
  Use: Scroll            |     3 |     3 |     6 |     5 |    13 |     5 ||    35
       Potion            |       |     2 |     7 |       |     6 |     4 ||    19
 Stab: Petrified         |       |       |       |       |     6 |       ||     6
       Invisible         |       |       |       |       |       |     3 ||     3
  Eat: Chunk             |     1 |     5 |    13 |    20 |    37 |     5 ||    81
       Bread ration      |       |       |       |       |       |     1 ||     1
Armor: Scale mail        |    16 |       |       |       |       |       ||    16
       Quicksilver drago |    41 |   126 |    39 |       |       |       ||   206
       Ring mail         |       |    24 |       |       |       |       ||    24
       Chain mail        |       |       |   334 |   502 |   708 |   264 ||  1808
Dodge: Dodged            |    39 |   138 |   161 |   208 |   363 |   128 ||  1037
Block: Shield            |    70 |   173 |   407 |   675 |  1187 |   409 ||  2921
       Reflection        |       |       |       |    18 |    44 |     3 ||    65
